 Dungeon Crawl Stone Soup version 0.24.0-13-gcf9b319 (webtiles) character file.

Game seed: 16785202426104777434, levelgen mode: deterministic

2291 silenth the Grappler (level 9, -1/67 HPs)
             Began as a Vampire Fighter on May 4, 2020.
             Slain by an orc warrior
             ... wielding a +0 glaive
              (19 damage)
             ... on level 7 of the Dungeon.
             The game lasted 00:07:52 (4928 turns).

silenth the Grappler (Vampire Fighter)              Turns: 4928, Time: 00:07:53

Health: -1/67      AC: 11    Str: 18    XL:     9   Next: 17%
Magic:  10/10      EV: 11    Int: 10    God:
Gold:   403        SH:  8    Dex: 14    Spells: 8/8 levels left

rFire    + . .     SeeInvis +     - Unarmed
rCold    + + .     Gourm    .   b - +0 shield
rNeg     . . .     Faith    .   y - +2 scale mail {rC+}
rPois    .         Spirit   .   c - +0 helmet
rElec    .         Reflect  .   t - scarf {rC+ rF+}
rCorr    .         Harm     .   d - +0 pair of gloves
MR       +....                  (no boots)
Stlth    +.........             (no amulet)
HPRegen  0.41/turn              v - ring of protection from magic
MPRegen  0.12/turn              F - +3 ring of evasion

@: regenerating quickly, lightly drained
A: no food, fangs 3, see invisible, unbreathing
a: Exsanguinate


You were on level 7 of the Dungeon.
You were alive.

You visited 1 branch of the dungeon, and saw 7 of its levels.

You collected 403 gold pieces.

Inventory:

Missiles
 h - a throwing net
 m - 4 javelins
 n - 37 poisoned darts (quivered)
Armour
 a - a +0 scale mail
 b - a +0 shield (worn)
 c - a +0 helmet (worn)
 d - a +0 pair of gloves (worn)
 t - a scarf of resistance (worn)
 y - a +2 scale mail of cold resistance (worn)
Jewellery
 o - a cursed ring of wizardry
 q - an uncursed ring of protection from fire
 v - a ring of protection from magic (left hand)
 x - an uncursed ring of fire
 B - an uncursed ring of wizardry
 F - a +3 ring of evasion (right hand)
Wands
 C - a wand of digging (4)
 G - a wand of random effects (19)
Scrolls
 e - a scroll of fear {unknown}
 f - a scroll of noise {unknown}
 i - 3 scrolls of identify
 j - a scroll of fog {unknown}
 k - 5 scrolls of teleportation
 r - 4 scrolls of remove curse
 s - 4 scrolls of enchant armour {unknown}
 D - a scroll of amnesia {unknown}
 E - a scroll of magic mapping {unknown}
 I - a scroll of enchant weapon {unknown}
 J - a scroll of silence {unknown}
Potions
 g - a potion of heal wounds
 l - 6 potions of curing {unknown}
 p - 2 potions of brilliance
 u - a potion of haste {unknown}
 w - 2 potions of flight
 z - 2 potions of invisibility {unknown}
 A - a potion of lignification
 H - a potion of agility
 K - a potion of ambrosia {unknown}


   Skills:
 + Level 4.8(4.2) Fighting
 + Level 3.5(2.9) Armour
 + Level 3.0(2.5) Dodging
 + Level 4.6(4.1) Stealth
 - Level 2.6(2.1) Shields
 + Level 13.8(13.1) Unarmed Combat
 - Level 2.0(1.5) Evocations


You had 8 spell levels left.
You didn't know any spells.
Your spell library was empty.

Dungeon Overview and Level Annotations

Branches:
Dungeon (7/15)
 Temple: D:4-7

Altars:

Shops:
D:4 :


Innate Abilities, Weirdness & Mutations

You do not eat.
Your natural rate of healing is unusually fast.
You have razor-sharp teeth.
You have supernaturally acute eyesight. (SInv)
You can survive without breathing.


Message History

You punch the orc!
You kill the orc!
You closely miss the orc warrior.
The orc warrior is lightly wounded.
The orc warrior hits you with a +0 glaive!
You hit the orc warrior but do no damage.
The orc warrior is lightly wounded.
The orc warrior hits you with a +0 glaive!
* * * LOW HITPOINT WARNING * * *
You punch the orc warrior!
You bite the orc warrior, but do no damage.
The orc warrior is heavily wounded.
The orc warrior closely misses you.
Evoke which item? (* to show all) (? for menu, Esc to quit)
Aiming: Random Effects
Press: ? - help, Shift-Dir - straight line, f - orc warrior
Aim: an orc warrior, wielding a +0 glaive and wearing a +0 chain mail (heavily wounded)
The orc warrior seems to speed up.
The orc warrior hits you from afar with a +0 glaive!!
You die...

####.....##
#.........###
...........
#.......#
##.....# #...o.#
# #.##o##
#.#.##.#
#.#.##@#
#......#
###.#### #.###
#.#.##
########.>..####
...............+
########....####
#.#.##


You could see an orc warrior and an orc.

Vanquished Creatures
  Sigmund (D:4)
  Edmund (D:4)
  A black bear (D:7)
  2 ice beasts
  A tengu (D:5)
  A centaur (D:5)
  A big kobold (D:4)
  A bullfrog (D:6)
  5 wights
  8 crimson imps
  3 orc priests
  A centaur skeleton (D:6)
  A gnoll shaman (D:4)
  A bullfrog skeleton (D:5)
  2 orc wizards
  Natasha (thrice) (D:2)
  2 iguanas
  4 worker ants
  Terence (D:2)
  4 gnolls (D:4)
  11 adders
  2 shadow imps
  2 oozes
  An adder zombie (D:5)
  An adder skeleton (D:4)
  A worm (D:2)
  2 dart slugs (D:1)
  9 leopard geckos
  19 orcs
  A ball python (D:2)
  7 giant cockroaches
  11 goblins
  8 hobgoblins
  10 jackals
  2 quokkas
  12 bats
  6 frilled lizards
  A giant cockroach zombie (D:5)
  10 kobolds
  4 rats
164 creatures vanquished.

Notes
Turn   | Place    | Note
-------+----------+-------------------------------------------
     0 | D:1      | silenth the Vampire Fighter began the quest for the Orb.
     0 | D:1      | Reached XP level 1. HP: 17/17 MP: 1/1
    99 | D:1      | Reached XP level 2. HP: 23/23 MP: 2/2
   144 | D:1      | Reached skill level 3 in Unarmed Combat
   148 | D:1      | Reached skill level 3 in Fighting
   354 | D:1      | Reached XP level 3. HP: 29/29 MP: 3/3
   810 | D:2      | Noticed Natasha
   820 | D:2      | Killed Natasha
   820 | D:2      | Reached skill level 4 in Unarmed Combat
   820 | D:2      | Reached XP level 4. HP: 27/35 MP: 4/4
   945 | D:2      | Noticed Terence
   962 | D:2      | Killed Terence
  1064 | D:2      | Noticed Natasha
  1082 | D:2      | Killed Natasha
  1165 | D:2      | Noticed Natasha
  1180 | D:2      | Killed Natasha
  1180 | D:2      | Reached skill level 5 in Unarmed Combat
  1180 | D:2      | Reached XP level 5. HP: 18/42 MP: 5/5
  1485 | D:2      | Reached skill level 13 in Unarmed Combat
  1485 | D:2      | Reached XP level 6. HP: 48/48 MP: 6/6
  2408 | D:4      | Reached skill level 4 in Fighting
  2469 | D:4      | Noticed Edmund
  2493 | D:4      | Killed Edmund
  2493 | D:4      | Reached skill level 1 in Dodging
  2493 | D:4      | Reached skill level 1 in Stealth
  2493 | D:4      | Reached XP level 7. HP: 34/54 MP: 7/7
  2679 | D:4      | Reached skill level 2 in Stealth
  2762 | D:4      | Reached skill level 1 in Evocations
  2781 | D:4      | Noticed Sigmund
  2788 | D:4      | Killed Sigmund
  3149 | D:4      | Found Muojyif's Book Shop.
  3574 | D:5      | Entered Level 5 of the Dungeon
  3602 | D:5      | Reached XP level 8. HP: 61/61 MP: 9/9
  3607 | D:4      | Reached skill level 2 in Dodging
  3607 | D:4      | Reached skill level 3 in Stealth
  3614 | D:4      | Reached skill level 3 in Armour
  4109 | D:5      | Reached skill level 2 in Evocations
  4391 | D:6      | Reached skill level 4 in Stealth
  4501 | D:7      | Reached XP level 9. HP: 37/66 MP: 10/10
  4765 | D:7      | Reached skill level 3 in Dodging
  4928 | D:7      | Slain by an orc warrior

Levels and vault maps discovered:
D:1:      roderic_crossed_star, layout_loops_ring
D:2:      minmay_angry_zag, layout_basic, first_ration, uniq_terence,
          uniq_natasha
D:3:      layout_loops_ring
D:4:      cheibrodos_thug_alley, layout_layer_cave, serial_shops, shop,
          uniq_edmund, uniq_sigmund
D:5:      layout_rooms
D:6:      layout_basic
D:7:      layout_loops_corners, temple_statues, uniq_menkaure

Skill      XL: |  1  2  3  4  5  6  7  8  9 |
---------------+----------------------------+-----
Unarmed Combat | 3 4 5 13 | 13.8
Fighting       | 3 4 |  4.8
Dodging        | 1 2 3 |  3.0
Stealth        | 1 2 4 |  4.6
Evocations     | 1 2 |  2.0
Armour         | 3 |  3.5
Shields        | |  2.6

Action                   |  1- 3 |  4- 6 |  7- 9 || total
-------------------------+-------+-------+-------++-------
Melee: Unarmed           |   134 |   166 |   269 ||   569
       Bite              |    19 |    12 |    22 ||    53
Throw: Dart              |       |    12 |       ||    12
Evoke: Wand              |       |       |     4 ||     4
  Use: Scroll            |       |     3 |     6 ||     9
       Potion            |       |     2 |     2 ||     4
 Stab: Sleeping          |       |       |     1 ||     1
Armor: Scale mail        |    79 |    54 |    96 ||   229
Dodge: Dodged            |    49 |    39 |    89 ||   177
Block: Shield            |    69 |    56 |   108 ||   233
